Selects Australian Defense Battlegroup
Selects Australian Light Infantry Section
Australian Light Infantry Section
Construct Section Command Post
Australian Light Infantry Section
Construct Platoon Command Post
Selects 2-pounder Anti-tank Gun Team
2-pounder Anti-tank Gun Team
Construct Field Infirmary
2-pounder Anti-tank Gun Team
Construct Company Command Post
Selects Vehicle Over Repair
Selects CMP 15cwt Supply Run
Selects Artillery Trip Wire Flares
Selects Archer Tank Destroyer